 Dungeon Crawl Stone Soup version 0.28.0 (webtiles) character file.

Game seed: 2325778609619783366

41 Akaron the Insei (level 3, 0/23 HPs)
             Began as an Octopode Transmuter on Feb 13, 2022.
             Succumbed to an adder's poison
             ... on level 2 of the Dungeon.
             The game lasted 00:02:22 (1385 turns).

Akaron the Insei (Octopode Transmuter)              Turns: 1385, Time: 00:02:23

Health: 0/23       AC:  1    Str:  9    XL:     3   Next: 52%
Magic:  6/6        EV: 13    Int: 15    God:
Gold:   50         SH:  0    Dex: 14    Spells: 0/6 levels left

rFire   . . .      SeeInvis .     - Unarmed
rCold   . . .      Faith    .   (no shield)
rNeg    . . .      Spirit   .   (helmet currently unavailable)
rPois   .          Reflect  .   (no amulet)
rElec   .          Harm     .   (no ring)
rCorr   .          Rampage  .   (no ring)
Will    .....                   (no ring)
Stlth   +++.......              (no ring)
HPRegen 0.07/turn               (no ring)
MPRegen 0.10/turn               (no ring)
                                (no ring)
                                (no ring)

@: lethally poisoned (0 -> -2), about to teleport, appendages (expiring)
A: tentacle spike 3, almost no armour, amphibious, 8 rings, camouflage 1,
gelatinous body 1, (nimble swimmer 1), tentacles
a: End Transformation


You were on level 2 of the Dungeon.
One of your tentacles had grown a beastly spike.
You visited 1 branch of the dungeon, and saw 2 of its levels.

You collected 50 gold pieces.

Inventory:

Jewellery
 b - a ring of wizardry
Scrolls
 a - a scroll of enchant weapon


   Skills:
 + Level 1.1 Fighting
 + Level 2.1 Dodging
 + Level 1.7 Stealth
 + Level 3.5 Unarmed Combat
 + Level 2.2 Spellcasting
 + Level 2.1 Transmutations
 * Level 1.0 Poison Magic


You couldn't memorise any spells.
You knew the following spells:

 Your Spells              Type           Power      Damage    Failure   Level
a - Beastly Appendage     Tmut           16%        N/A       9%          1
b - Wereblood             Tmut           8%         N/A       14%         2
c - Spider Form           Tmut/Pois      6%         N/A       32%         3

Your spell library contained the following spells:

 Spells                   Type           Power      Damage    Failure   Level
 Ice Form                 Ice/Tmut       4%         N/A       80%         4
 Summon Lightning Spire   Summ/Air       1%         N/A       91%         4
 Storm Form               Tmut/Air       2%         N/A       100%        7
 Maxwell's Capacitive Co  Air            0%         ∞         100%        8


Dungeon Overview and Level Annotations

Branches:
Dungeon (2/15)

Altars:

Shops:
D:1 *


Innate Abilities, Weirdness & Mutations

One of your tentacles has grown a beastly spike.
You cannot wear most types of armour.
You are amphibious.
You can wear up to eight rings at the same time.
Your skin changes colour to match your surroundings (Stealth+).
Your rubbery body absorbs attacks. (AC +1, EV +1)
((You are camouflaged when in or above water. (Stealth+)))
You have tentacles for arms and can constrict up to eight enemies at once.


Message History

You are too injured to fight recklessly!
You barely miss the adder. You grab the adder.
Your transformation is almost over.
You constrict the adder. The adder bites you.
You are poisoned.
The adder poisons you!
You tentacle-slap the adder.
You pierce the adder.
The adder is almost dead.
You constrict the adder.
You feel sick. The adder bites you.
* * * LOW HITPOINT WARNING * * *
You tentacle-slap the adder.
You kill the adder!
* * * LOW HITPOINT WARNING * * *
You feel sick.
Your Poison Magic skill increases to level 1!
You aren't carrying any potions.
Okay, then.
You aren't carrying any potions.
Unknown command.
As you read the scroll labelled NUEDON OCHOA, it crumbles to dust.
It is a scroll of enchant weapon.
You aren't carrying any weapons that can be enchanted.
* * * LOW HITPOINT WARNING * * *
You feel sick.
As you read the scroll labelled SOBYT DAIRIRUAJI, it crumbles to dust.
You feel strangely unstable.
It was a scroll of teleportation.
* * * LOW HITPOINT WARNING * * *
You feel sick.
As you read the scroll labelled CYN EJ TEIQ, it crumbles to dust.
You feel aware of your surroundings.
You sensed 1 altar.
It was a scroll of magic mapping.
* * * LOW HITPOINT WARNING * * *
You feel sick.
Press: ? - help, . - travel You can't see that place.
Blink to where?
Press: ? - help, Dir - move target
As you read the scroll labelled IMPOCZ ZEXEI, it crumbles to dust.
It was a scroll of blinking.
You die...

≈≈≈≈≈≈≈≈≈**,**,,,,,,,,,*#.#.##.##
≈≈≈≈≈≈≈≈*#..#,≈≈≈≈≈≈≈≈≈≈#..>##.#
≈≈≈≈≈≈≈##.#≈,≈≈≈≈≈≈≈≈≈≈≈#.#....#
*≈≈≈≈≈##≈≈≈≈≈≈.≈≈≈.≈≈≈..#.#....#
***≈≈*#≈≈.#≈≈≈#≈≈≈#≈≈≈#,#.####.#
**≈##≈.###.###.###.####.####.#
*****#....#...#...#...#........#
,,,###....................######
,,,+.'...§).....@.........#
,,,+.#..............).....#
,,,#*#....................#
*****#≈...#...#...#...#...#
**≈#≈≈≈###.###.###.####.#
***≈≈##.≈≈#≈≈≈#≈≈≈#≈≈≈#.#.#
≈≈*≈≈≈##.≈≈≈≈≈.≈≈≈.≈≈≈≈.#.#
≈≈*≈≈≈≈#.P≈≈≈≈≈≈≈≈≈≈≈P..#,*
≈≈*≈≈≈≈##..≈≈≈≈P.≈≈≈P...#,*


There were no monsters in sight!

Vanquished Creatures
  An adder (D:2)
  A dart slug (D:1)
  An endoplasm (D:1)
  2 hobgoblins (D:1)
  3 jackals (D:1)
  A quokka (D:1)
  3 ball pythons (D:1)
  4 bats
  2 frilled lizards (D:1)
  4 goblins
  5 kobolds
  4 rats (D:1)
31 creatures vanquished.

Vanquished Creatures (others)
  A plant (D:2)
1 creature vanquished.

Grand Total: 32 creatures vanquished

Notes
Turn   | Place    | Note
-------+----------+-------------------------------------------
     0 | D:1      | Akaron the Octopode Transmuter began the quest for the Orb.
     0 | D:1      | Reached XP level 1. HP: 13/13 MP: 3/3
   121 | D:1      | Reached skill level 1 in Stealth
   121 | D:1      | Reached XP level 2. HP: 14/18 MP: 5/5
   124 | D:1      | Learned a level 2 spell: Wereblood
   574 | D:1      | Found Hyiggu's Assorted Antiques.
   646 | D:1      | Reached XP level 3. HP: 23/23 MP: 4/6
   650 | D:1      | Learned a level 3 spell: Spider Form
  1382 | D:2      | Reached skill level 1 in Poison Magic
  1383 | D:2      | HP: 1/23 [poisoned by an adder]
  1385 | D:2      | Succumbed to an adder's poison

Illustrated notes

Levels and vault maps discovered:
D:1:      wander_arrival_estate, layout_loops_ring, serial_rivers,
          chequers_serial_rivers_large_a, chequers_serial_rivers_micro_d,
          chequers_serial_rivers_marsh, chequers_serial_rivers_micro_d,
          serial_shops, nicolae_shop_hallway_stairs, st_stairs_12
D:2:      wad_lake_hut, layout_basic, basic_altar

Skill      XL: |  1  2  3 |
---------------+----------+-----
Stealth        | 1 |  1.7
Poison Magic   | 1 |  1.0
Fighting       | |  1.1
Dodging        | |  2.1
Unarmed Combat | |  3.5
Spellcasting   | |  2.2
Transmutations | |  2.1

Action                   || total
-------------------------++-------
Melee: Unarmed           ||    61
       Constrict         ||    17
       Kick              ||    16
       Tentacles         ||     6
       Punch             ||     2
 Cast: Beastly Appendage ||    19
  Use: Scroll            ||     4
 Stab: Sleeping          ||     6
Armor: Skin              ||     7
Dodge: Dodged            ||    30
